General information
- name: BNet
- type: Ladder team game (AT/RT)
- host: Battle.net
- saver: 333
map: Monsoon
- players: 6
- length: 69:18
- speed: Fast
- version: 1.28 W3XP
- replay type:

» download(730 KB)
Players
team 1 (winner)
333 (
purple | 144 APM | 9949 actions | 69:18)
10 Blademaster
3 Wind Walk
3 Critical Strike
1 Bladestorm
3 Mirror Image
» actions
| Assign group hotkey | 29 | |
| Basic commands | 36 | |
| Build / train | 125 | |
| Enter build submenu | 75 | |
| Enter hero's abilities submenu | 10 | |
| Give item / drop item | 6 | |
| Remove unit from queue | 2 | |
| Right click | 8002 | |
| Select / deselect | 765 | |
| Select group hotkey | 288 | |
| Use ability | 604 | |
9949 total
» units
» upgrades
| Liquid Fire | 1 | |
| Ranged Weapons | 3 | |
| Reinforced Defenses | 1 | |
| Armor | 2 | |
| Troll Regeneration | 1 | |
| Ensnare | 0 | |
8 total
» buildings
| Altar of Storms | 1 | |
| Orc Burrow | 6 | |
| War Mill | 1 | |
| Voodoo Lounge | 3 | |
| Watch Tower | 49 | |
| Stronghold | 2 | |
| Beastiary | 2 | |
| Fortress | 2 | |
| Great Hall | 1 | |
| Barracks | 1 | |
68 total
» build order
00:18 Altar of Storms
00:25 Orc Burrow
00:59 War Mill
01:26 Voodoo Lounge
02:11 Watch Tower
02:23 Watch Tower
02:45 Watch Tower
03:07 Watch Tower
03:13 Watch Tower
03:25 Watch Tower
03:49 Watch Tower
03:55 Watch Tower
04:35 Stronghold
04:35 Stronghold
04:49 Watch Tower
04:49 Watch Tower
05:05 Watch Tower
05:40 Voodoo Lounge
05:58 Watch Tower
06:14 Voodoo Lounge
06:31 Watch Tower
06:45 Watch Tower
07:08 Beastiary
07:10 Beastiary
07:47 Orc Burrow
08:13 Orc Burrow
09:21 Orc Burrow
10:04 Fortress
10:59 Watch Tower
11:20 Watch Tower
12:10 Watch Tower
12:11 Watch Tower
15:44 Watch Tower
15:45 Watch Tower
15:45 Watch Tower
16:12 Watch Tower
17:05 Watch Tower
17:29 Watch Tower
17:38 Great Hall
24:44 Watch Tower
25:21 Watch Tower
25:22 Watch Tower
25:23 Watch Tower
26:16 Watch Tower
26:17 Watch Tower
27:27 Barracks
28:22 Watch Tower
28:23 Watch Tower
30:55 Watch Tower
30:56 Watch Tower
30:56 Watch Tower
30:56 Watch Tower
34:51 Watch Tower
34:52 Watch Tower
35:07 Watch Tower
35:08 Watch Tower
35:09 Watch Tower
39:14 Watch Tower
39:14 Watch Tower
39:15 Watch Tower
39:15 Watch Tower
39:16 Watch Tower
39:17 Watch Tower
39:18 Watch Tower
39:18 Watch Tower
55:28 Orc Burrow
55:28 Orc Burrow
» items
| Boots of Speed | 1 | |
| Staff of Teleportation | 1 | |
| Lesser Clarity Potion | 15 | |
| Healing Salve | 4 | |
| Orb of Lightning | 1 | |
| Potion of Healing | 1 | |
| Scroll of Town Portal | 1 | |
24 total
iggy_the_fisk (
yellow | 119 APM | 8222 actions | 69:15)
9 Mountain King
3 Storm Bolt
3 Bash
1 Avatar
2 Thunder Clap
8 Paladin
3 Holy Light
3 Divine Shield
1 Resurrection
1 Devotion Aura
» actions
| Assign group hotkey | 597 | |
| Basic commands | 57 | |
| Build / train | 172 | |
| Enter build submenu | 66 | |
| Enter hero's abilities submenu | 19 | |
| Give item / drop item | 35 | |
| Remove unit from queue | 1 | |
| Right click | 4372 | |
| Select / deselect | 586 | |
| Select group hotkey | 1746 | |
| Use ability | 568 | |
8222 total
» units
| Peasant | 22 | |
| Dragonhawk Rider | 40 | |
| Priest | 1 | |
63 total
» upgrades
| Masonry | 3 | |
| Lumber Harvesting | 2 | |
| Animal War Training | 1 | |
| Magic Sentry | 1 | |
| Swords | 3 | |
| Armor | 3 | |
| Priest Training | 1 | |
14 total
» buildings
| Altar of Kings | 1 | |
| Farm | 10 | |
| Lumber Mill | 1 | |
| Scout Tower | 67 | |
| Arcane Tower | 10 | |
| Guard Tower | 27 | |
| Keep | 1 | |
| Arcane Vault | 3 | |
| Castle | 1 | |
| Town Hall | 1 | |
| Arcane Sanctum | 1 | |
| Gryphon Aviary | 1 | |
| Barracks | 1 | |
| Blacksmith | 1 | |
126 total
» build order
00:28 Altar of Kings
00:40 Farm
00:45 Lumber Mill
01:09 Scout Tower
01:35 Scout Tower
01:36 Arcane Tower
01:52 Farm
02:09 Guard Tower
02:24 Scout Tower
03:05 Guard Tower
03:07 Scout Tower
03:49 Keep
04:00 Scout Tower
04:00 Scout Tower
05:14 Guard Tower
05:15 Scout Tower
05:16 Scout Tower
05:44 Arcane Vault
05:46 Arcane Vault
05:52 Scout Tower
05:53 Scout Tower
05:54 Guard Tower
06:05 Arcane Vault
06:23 Guard Tower
06:29 Scout Tower
06:50 Castle
08:08 Town Hall
08:57 Farm
09:37 Guard Tower
09:42 Scout Tower
09:43 Scout Tower
09:44 Scout Tower
10:30 Guard Tower
10:35 Scout Tower
10:36 Scout Tower
11:20 Guard Tower
11:23 Scout Tower
11:25 Scout Tower
11:44 Arcane Sanctum
11:46 Gryphon Aviary
11:48 Barracks
11:56 Guard Tower
12:36 Guard Tower
12:38 Scout Tower
12:39 Scout Tower
12:40 Scout Tower
12:42 Scout Tower
12:43 Scout Tower
13:18 Guard Tower
13:49 Scout Tower
13:50 Guard Tower
13:55 Farm
14:16 Guard Tower
14:34 Scout Tower
14:35 Scout Tower
14:51 Blacksmith
16:00 Guard Tower
16:05 Scout Tower
16:06 Scout Tower
16:09 Scout Tower
16:10 Scout Tower
16:11 Scout Tower
16:46 Scout Tower
16:47 Scout Tower
17:01 Arcane Tower
17:02 Guard Tower
17:41 Arcane Tower
17:42 Guard Tower
17:44 Guard Tower
17:57 Scout Tower
17:58 Scout Tower
17:59 Scout Tower
18:01 Scout Tower
18:02 Scout Tower
18:03 Scout Tower
18:05 Scout Tower
18:06 Scout Tower
18:17 Farm
18:46 Arcane Tower
18:47 Guard Tower
20:21 Arcane Tower
20:22 Guard Tower
20:26 Scout Tower
20:28 Scout Tower
22:37 Arcane Tower
22:37 Guard Tower
23:30 Scout Tower
23:31 Scout Tower
23:32 Scout Tower
23:32 Scout Tower
23:33 Scout Tower
23:34 Scout Tower
23:35 Scout Tower
23:36 Scout Tower
23:37 Scout Tower
24:07 Arcane Tower
25:41 Guard Tower
26:14 Guard Tower
26:21 Scout Tower
26:21 Scout Tower
26:22 Scout Tower
27:10 Arcane Tower
27:14 Guard Tower
27:17 Guard Tower
27:36 Guard Tower
27:39 Scout Tower
27:39 Scout Tower
27:40 Scout Tower
29:40 Guard Tower
29:43 Scout Tower
29:44 Scout Tower
29:45 Scout Tower
29:47 Scout Tower
29:48 Scout Tower
37:34 Guard Tower
57:12 Farm
57:13 Farm
57:14 Farm
57:14 Farm
57:15 Farm
62:13 Scout Tower
62:13 Scout Tower
62:15 Scout Tower
62:16 Scout Tower
62:50 Arcane Tower
65:06 Arcane Tower
» items
| Healing Salve | 8 | |
| Lesser Clarity Potion | 13 | |
| Scroll of Speed | 1 | |
| Boots of Speed | 2 | |
| Staff of Teleportation | 2 | |
| Mechanical Critter | 2 | |
| Scroll of Regeneration | 3 | |
| Staff of Sanctuary | 2 | |
| Orb of Lightning | 2 | |
| Scroll of Town Portal | 1 | |
36 total
mr.goodmanners (
teal | 78 APM | 5433 actions | 69:15)
6 Archmage
3 Blizzard
2 Brilliance Aura
1 Mass Teleport
» actions
| Assign group hotkey | 122 | |
| Basic commands | 76 | |
| Build / train | 274 | |
| ESC pressed | 46 | |
| Enter build submenu | 173 | |
| Enter hero's abilities submenu | 9 | |
| Give item / drop item | 3 | |
| Right click | 2501 | |
| Select / deselect | 1315 | |
| Select group hotkey | 307 | |
| Use ability | 607 | |
5433 total
» units
| Peasant | 42 | |
| Ogre Magi | 1 | |
| Spell Breaker | 5 | |
| Rifleman | 10 | |
| Priest | 2 | |
60 total
» upgrades
| Masonry | 3 | |
| Lumber Harvesting | 2 | |
| Magic Sentry | 1 | |
| Gunpowder | 3 | |
| Armor | 3 | |
| Control Magic | 1 | |
| Long Rifles | 1 | |
| Priest Training | 2 | |
| Swords | 3 | |
| Plating | 3 | |
22 total
» buildings
| Altar of Kings | 1 | |
| Lumber Mill | 1 | |
| Farm | 12 | |
| Scout Tower | 244 | |
| Arcane Tower | 3 | |
| Guard Tower | 161 | |
| Town Hall | 2 | |
| Keep | 2 | |
| Castle | 2 | |
| Arcane Sanctum | 3 | |
| Arcane Vault | 1 | |
| Blacksmith | 2 | |
| Barracks | 5 | |
439 total
» build order
00:05 Altar of Kings
00:19 Lumber Mill
00:34 Farm
01:02 Scout Tower
01:05 Scout Tower
01:33 Arcane Tower
01:33 Arcane Tower
01:53 Farm
01:56 Farm
01:59 Guard Tower
01:59 Guard Tower
02:35 Scout Tower
02:36 Scout Tower
02:38 Scout Tower
03:05 Guard Tower
03:06 Guard Tower
03:06 Guard Tower
03:07 Guard Tower
03:07 Guard Tower
03:08 Scout Tower
03:11 Scout Tower
03:15 Scout Tower
03:35 Guard Tower
03:38 Guard Tower
03:38 Guard Tower
03:40 Scout Tower
03:41 Scout Tower
03:53 Guard Tower
03:53 Guard Tower
04:00 Farm
04:08 Scout Tower
04:09 Scout Tower
04:13 Guard Tower
04:13 Guard Tower
04:30 Guard Tower
04:30 Guard Tower
04:42 Guard Tower
04:42 Guard Tower
05:09 Guard Tower
05:57 Town Hall
06:59 Scout Tower
06:59 Scout Tower
07:13 Scout Tower
07:16 Scout Tower
07:31 Guard Tower
07:31 Guard Tower
07:55 Guard Tower
07:55 Guard Tower
07:57 Scout Tower
07:58 Scout Tower
08:00 Scout Tower
08:00 Scout Tower
08:01 Scout Tower
08:44 Keep
08:44 Keep
09:24 Guard Tower
09:24 Guard Tower
09:39 Scout Tower
09:40 Scout Tower
09:40 Scout Tower
09:41 Scout Tower
10:28 Guard Tower
10:28 Guard Tower
10:29 Scout Tower
10:30 Scout Tower
10:30 Scout Tower
10:32 Guard Tower
10:32 Guard Tower
10:35 Guard Tower
10:44 Scout Tower
10:54 Scout Tower
10:56 Scout Tower
10:56 Guard Tower
10:57 Guard Tower
10:59 Scout Tower
11:00 Guard Tower
11:00 Guard Tower
11:01 Guard Tower
11:17 Guard Tower
11:17 Guard Tower
11:20 Scout Tower
11:22 Scout Tower
11:28 Guard Tower
11:28 Guard Tower
11:37 Guard Tower
11:37 Guard Tower
11:38 Guard Tower
11:45 Scout Tower
11:46 Scout Tower
11:54 Guard Tower
11:54 Guard Tower
12:42 Guard Tower
12:42 Guard Tower
12:43 Scout Tower
12:44 Scout Tower
12:45 Scout Tower
12:46 Scout Tower
12:47 Scout Tower
12:48 Scout Tower
13:03 Scout Tower
13:04 Scout Tower
13:04 Scout Tower
13:08 Scout Tower
13:15 Farm
13:16 Farm
13:19 Castle
13:19 Castle
13:28 Guard Tower
13:29 Guard Tower
13:29 Guard Tower
13:30 Guard Tower
13:30 Guard Tower
13:38 Farm
13:43 Guard Tower
13:43 Guard Tower
13:48 Guard Tower
13:52 Guard Tower
13:52 Guard Tower
14:25 Town Hall
14:29 Guard Tower
14:30 Guard Tower
14:31 Guard Tower
14:31 Guard Tower
14:32 Guard Tower
14:32 Guard Tower
14:40 Scout Tower
14:41 Scout Tower
14:44 Scout Tower
14:46 Scout Tower
14:52 Scout Tower
14:53 Scout Tower
14:54 Scout Tower
14:55 Scout Tower
15:13 Guard Tower
15:13 Guard Tower
15:13 Guard Tower
15:14 Guard Tower
15:23 Scout Tower
15:24 Guard Tower
15:24 Guard Tower
15:27 Scout Tower
15:48 Arcane Sanctum
15:51 Guard Tower
15:51 Guard Tower
15:51 Guard Tower
15:52 Guard Tower
16:01 Scout Tower
16:03 Scout Tower
16:04 Scout Tower
16:07 Scout Tower
16:08 Scout Tower
16:11 Guard Tower
16:11 Guard Tower
16:20 Guard Tower
16:28 Guard Tower
16:28 Guard Tower
16:30 Guard Tower
16:37 Guard Tower
16:37 Guard Tower
16:56 Guard Tower
16:56 Guard Tower
16:57 Guard Tower
17:14 Scout Tower
17:15 Scout Tower
17:16 Scout Tower
17:18 Scout Tower
17:46 Guard Tower
17:49 Scout Tower
17:50 Scout Tower
17:51 Scout Tower
17:51 Scout Tower
17:53 Scout Tower
17:53 Scout Tower
17:54 Scout Tower
18:25 Guard Tower
18:30 Scout Tower
18:31 Scout Tower
18:32 Scout Tower
18:32 Scout Tower
18:34 Scout Tower
18:35 Scout Tower
18:35 Scout Tower
18:36 Scout Tower
18:59 Guard Tower
18:59 Guard Tower
19:02 Scout Tower
19:03 Scout Tower
19:04 Scout Tower
19:06 Scout Tower
19:08 Scout Tower
19:09 Scout Tower
19:10 Scout Tower
19:11 Scout Tower
19:12 Guard Tower
19:12 Guard Tower
19:56 Scout Tower
19:58 Scout Tower
20:04 Scout Tower
20:05 Scout Tower
20:06 Scout Tower
20:10 Scout Tower
20:32 Scout Tower
20:32 Scout Tower
20:33 Scout Tower
20:34 Scout Tower
20:35 Guard Tower
20:35 Guard Tower
20:35 Guard Tower
20:49 Guard Tower
20:49 Guard Tower
20:51 Scout Tower
20:52 Scout Tower
20:52 Scout Tower
20:59 Scout Tower
21:01 Scout Tower
21:21 Scout Tower
21:22 Scout Tower
21:22 Scout Tower
21:23 Scout Tower
21:37 Guard Tower
21:37 Guard Tower
22:34 Guard Tower
24:37 Scout Tower
24:38 Scout Tower
24:39 Scout Tower
24:39 Scout Tower
24:40 Scout Tower
25:03 Scout Tower
25:05 Scout Tower
25:12 Arcane Tower
26:07 Guard Tower
26:07 Guard Tower
26:18 Scout Tower
26:19 Scout Tower
26:43 Guard Tower
26:43 Guard Tower
26:49 Guard Tower
26:49 Guard Tower
26:49 Guard Tower
26:58 Scout Tower
26:58 Scout Tower
27:01 Scout Tower
27:02 Scout Tower
27:02 Scout Tower
27:05 Scout Tower
27:05 Scout Tower
27:06 Scout Tower
27:08 Scout Tower
27:09 Scout Tower
27:10 Scout Tower
27:11 Scout Tower
27:30 Guard Tower
27:30 Guard Tower
27:33 Scout Tower
27:34 Scout Tower
27:34 Scout Tower
28:12 Guard Tower
28:19 Scout Tower
28:20 Scout Tower
28:21 Scout Tower
28:22 Scout Tower
29:18 Guard Tower
29:18 Guard Tower
29:35 Scout Tower
29:36 Scout Tower
29:37 Scout Tower
29:37 Scout Tower
29:39 Scout Tower
29:39 Scout Tower
29:40 Scout Tower
29:41 Scout Tower
29:55 Scout Tower
29:56 Scout Tower
29:57 Scout Tower
30:05 Guard Tower
30:06 Guard Tower
30:11 Guard Tower
30:16 Guard Tower
30:16 Guard Tower
32:02 Arcane Vault
32:07 Scout Tower
32:53 Guard Tower
32:53 Guard Tower
32:55 Scout Tower
33:24 Scout Tower
33:24 Scout Tower
33:25 Scout Tower
33:33 Guard Tower
33:33 Guard Tower
33:33 Guard Tower
33:38 Scout Tower
33:39 Scout Tower
33:40 Scout Tower
33:41 Scout Tower
33:42 Scout Tower
33:42 Scout Tower
33:43 Scout Tower
33:44 Scout Tower
33:44 Scout Tower
34:04 Guard Tower
34:11 Guard Tower
34:11 Guard Tower
34:12 Guard Tower
34:13 Guard Tower
34:14 Scout Tower
34:15 Scout Tower
34:16 Scout Tower
34:18 Scout Tower
34:19 Scout Tower
34:20 Guard Tower
34:20 Guard Tower
34:20 Guard Tower
34:24 Scout Tower
34:25 Scout Tower
34:27 Scout Tower
34:28 Scout Tower
34:28 Scout Tower
34:47 Guard Tower
34:47 Guard Tower
34:52 Scout Tower
34:53 Scout Tower
34:54 Scout Tower
34:55 Scout Tower
34:56 Scout Tower
35:01 Scout Tower
35:01 Scout Tower
35:02 Scout Tower
35:03 Guard Tower
35:03 Guard Tower
35:04 Guard Tower
35:12 Guard Tower
35:12 Guard Tower
35:12 Guard Tower
35:17 Scout Tower
35:17 Scout Tower
35:18 Scout Tower
35:18 Scout Tower
35:19 Scout Tower
35:19 Scout Tower
35:21 Guard Tower
35:21 Guard Tower
35:24 Scout Tower
35:25 Scout Tower
35:26 Scout Tower
35:26 Scout Tower
35:28 Scout Tower
35:28 Scout Tower
35:29 Scout Tower
35:29 Scout Tower
36:43 Scout Tower
36:44 Scout Tower
36:45 Scout Tower
36:46 Scout Tower
36:47 Scout Tower
36:48 Scout Tower
36:48 Scout Tower
36:49 Scout Tower
36:50 Scout Tower
36:50 Scout Tower
37:20 Scout Tower
37:21 Scout Tower
37:22 Scout Tower
37:22 Scout Tower
37:23 Scout Tower
37:24 Scout Tower
37:26 Scout Tower
37:27 Scout Tower
37:47 Scout Tower
37:48 Scout Tower
37:49 Scout Tower
37:50 Scout Tower
37:51 Guard Tower
37:51 Guard Tower
37:51 Guard Tower
37:57 Guard Tower
37:57 Guard Tower
37:57 Guard Tower
38:28 Scout Tower
38:35 Scout Tower
38:43 Scout Tower
38:52 Guard Tower
38:52 Guard Tower
38:56 Scout Tower
39:01 Scout Tower
39:02 Guard Tower
39:02 Guard Tower
39:02 Guard Tower
39:05 Scout Tower
39:06 Scout Tower
39:28 Guard Tower
39:28 Guard Tower
39:29 Guard Tower
39:29 Guard Tower
39:47 Guard Tower
39:47 Guard Tower
41:01 Scout Tower
41:03 Scout Tower
41:04 Scout Tower
41:05 Scout Tower
41:25 Scout Tower
41:25 Scout Tower
41:26 Scout Tower
41:29 Scout Tower
41:36 Scout Tower
41:39 Scout Tower
41:40 Scout Tower
41:41 Scout Tower
41:45 Scout Tower
41:45 Scout Tower
41:58 Scout Tower
42:04 Guard Tower
42:04 Guard Tower
42:06 Scout Tower
42:07 Scout Tower
42:08 Guard Tower
43:13 Guard Tower
43:35 Scout Tower
43:36 Scout Tower
43:36 Scout Tower
43:37 Scout Tower
44:11 Guard Tower
44:11 Guard Tower
44:11 Guard Tower
44:13 Scout Tower
44:13 Scout Tower
55:02 Blacksmith
55:04 Blacksmith
55:42 Barracks
55:53 Barracks
55:53 Barracks
55:58 Barracks
55:59 Barracks
57:01 Farm
57:02 Farm
57:24 Arcane Sanctum
57:25 Arcane Sanctum
57:58 Farm
57:59 Farm
59:25 Farm
» items
| Healing Salve | 4 | |
| Lesser Clarity Potion | 2 | |
| Staff of Teleportation | 1 | |
| Potion of Healing | 1 | |
| Scroll of Town Portal | 3 | |
11 total
team 2 (loser)
NewAcc (
green | 52 APM | 2113 actions | 40:51)
4 Blademaster
2 Wind Walk
2 Critical Strike
4 Shadow Hunter
2 Hex
2 Healing Wave
» actions
| Assign group hotkey | 34 | |
| Basic commands | 4 | |
| Build / train | 74 | |
| Enter build submenu | 26 | |
| Enter hero's abilities submenu | 8 | |
| Give item / drop item | 1 | |
| Remove unit from queue | 2 | |
| Right click | 1063 | |
| Select / deselect | 489 | |
| Select group hotkey | 290 | |
| Use ability | 122 | |
2113 total
» units
| Peon | 16 | |
| Grunt | 7 | |
| Demolisher | 4 | |
| Troll Witch Doctor | 4 | |
| Troll Headhunter/Berserker | 2 | |
| Raider | 6 | |
39 total
» upgrades
| Burning Oil | 1 | |
| Witch Doctor Training | 2 | |
| Spiked Barricades | 2 | |
| Ensnare | 1 | |
| Armor | 3 | |
| Ranged Weapons | 1 | |
| Melee Weapons | 1 | |
| Reinforced Defenses | 1 | |
12 total
» buildings
| Altar of Storms | 1 | |
| Orc Burrow | 8 | |
| Barracks | 2 | |
| Voodoo Lounge | 1 | |
| Stronghold | 1 | |
| War Mill | 1 | |
| Fortress | 1 | |
| Spirit Lodge | 1 | |
| Watch Tower | 11 | |
| Great Hall | 2 | |
| Beastiary | 3 | |
32 total
» build order
00:09 Altar of Storms
00:22 Orc Burrow
00:35 Barracks
01:37 Orc Burrow
02:05 Voodoo Lounge
03:24 Stronghold
04:29 Orc Burrow
04:33 War Mill
05:46 Fortress
06:49 Barracks
06:54 Spirit Lodge
07:29 Orc Burrow
08:58 Watch Tower
09:00 Watch Tower
09:02 Watch Tower
09:02 Watch Tower
10:20 Great Hall
11:29 Orc Burrow
11:30 Orc Burrow
15:20 Watch Tower
15:21 Watch Tower
15:22 Watch Tower
15:57 Great Hall
16:53 Beastiary
16:57 Beastiary
17:02 Beastiary
18:35 Watch Tower
18:35 Watch Tower
18:36 Watch Tower
18:37 Watch Tower
23:47 Orc Burrow
23:48 Orc Burrow
» items
| Healing Salve | 3 | |
| Scroll of Speed | 1 | |
| Lesser Clarity Potion | 2 | |
| Dust of Appearance | 1 | |
| Scroll of Town Portal | 1 | |
8 total
RACHELROXXXX (
red | 61 APM | 4186 actions | 69:04)
7 Keeper of the Grove
3 Entangling Roots
3 Thorns Aura
1 Tranquility
2 Shadow Hunter
1 Hex
1 Big Bad Voodoo
» actions
| Assign group hotkey | 350 | |
| Basic commands | 2 | |
| Build / train | 108 | |
| Enter build submenu | 48 | |
| Enter hero's abilities submenu | 9 | |
| Right click | 2116 | |
| Select / deselect | 563 | |
| Select group hotkey | 767 | |
| Use ability | 223 | |
4186 total
» units
| Wisp | 48 | |
| Huntress | 4 | |
| Glaive Thrower | 6 | |
| Chimaera | 24 | |
| Wind Rider | 3 | |
85 total
» upgrades
| Vorpal Blades | 1 | |
| Corrosive Breath | 1 | |
| Strength of the Wild | 2 | |
| Reinforced Hides | 1 | |
5 total
» buildings
| Altar of Elders | 1 | |
| Moon Well | 9 | |
| Hunter's Hall | 1 | |
| Ancient of War | 2 | |
| Ancient of Wonders | 1 | |
| Tree of Life | 2 | |
| Ancient Protector | 24 | |
| Tree of Ages | 1 | |
| Tree of Eternity | 1 | |
| Ancient of Wind | 1 | |
| Chimaera Roost | 3 | |
46 total
» build order
00:19 Altar of Elders
00:26 Moon Well
01:44 Hunter's Hall
01:52 Ancient of War
02:43 Moon Well
04:22 Moon Well
04:38 Ancient of Wonders
05:20 Ancient of War
06:45 Moon Well
07:45 Tree of Life
08:49 Ancient Protector
08:53 Ancient Protector
09:27 Ancient Protector
11:27 Tree of Ages
17:37 Tree of Eternity
18:21 Moon Well
20:21 Ancient of Wind
22:59 Chimaera Roost
23:02 Chimaera Roost
23:24 Chimaera Roost
24:48 Ancient Protector
24:52 Ancient Protector
25:33 Ancient Protector
27:35 Moon Well
27:42 Ancient Protector
27:47 Ancient Protector
27:53 Ancient Protector
29:45 Tree of Life
29:49 Ancient Protector
30:37 Ancient Protector
30:43 Ancient Protector
47:12 Moon Well
47:13 Moon Well
47:48 Moon Well
55:31 Ancient Protector
55:33 Ancient Protector
55:36 Ancient Protector
55:39 Ancient Protector
55:43 Ancient Protector
55:47 Ancient Protector
57:48 Ancient Protector
57:53 Ancient Protector
57:57 Ancient Protector
58:00 Ancient Protector
58:05 Ancient Protector
58:09 Ancient Protector
» items
| Scroll of Town Portal | 2 | |
| Dust of Appearance | 1 | |
3 total
ZunE90 (
orange | 90 APM | 6225 actions | 69:15)
7 Death Knight
3 Death Coil
3 Unholy Aura
1 Animate Dead
6 Lich
2 Frost Armor
3 Frost Nova
1 Death and Decay
1 Pit Lord
1 Howl of Terror
» actions
| Assign group hotkey | 177 | |
| Basic commands | 226 | |
| Build / train | 177 | |
| ESC pressed | 3 | |
| Enter build submenu | 28 | |
| Enter hero's abilities submenu | 15 | |
| Give item / drop item | 5 | |
| Right click | 2809 | |
| Select / deselect | 1367 | |
| Select group hotkey | 1090 | |
| Use ability | 328 | |
6225 total
» units
| Acolyte | 21 | |
| Ghoul | 4 | |
| Crypt Fiend | 15 | |
| Obsidian Statue | 3 | |
| Frost Wyrm | 23 | |
| Necromancer | 15 | |
| Meatwagon | 4 | |
| Wind Rider | 7 | |
| Troll Batrider | 19 | |
111 total
» upgrades
| Creature Attack | 3 | |
| Burrow | 1 | |
| Creature Carapace | 3 | |
| Web | 1 | |
| Skeletal Longevity | 2 | |
| Banshee Training | 2 | |
| Ghoul Frenzy | 1 | |
| Freezing Breath | 1 | |
| Destroyer Form | 1 | |
| Cannibalize | 1 | |
| Exhume Corpses | 1 | |
| Skeletal Mastery | 1 | |
| Necromancer Training | 2 | |
| Unholy Strength | 2 | |
| Envenomed Spears | 1 | |
| Unholy Armor | 1 | |
| Liquid Fire | 1 | |
25 total
» buildings
| Graveyard | 1 | |
| Crypt | 1 | |
| Altar of Darkness | 1 | |
| Ziggurat | 8 | |
| Tomb of Relics | 3 | |
| Halls of the Dead | 1 | |
| Necropolis | 2 | |
| Nerubian Tower | 2 | |
| Slaughterhouse | 1 | |
| Black Citadel | 1 | |
| Spirit Tower | 2 | |
| Sacrificial Pit | 1 | |
| Boneyard | 2 | |
| Temple of the Damned | 2 | |
| Beastiary | 1 | |
29 total
» build order
00:08 Graveyard
00:12 Crypt
00:27 Altar of Darkness
00:35 Ziggurat
00:56 Tomb of Relics
01:32 Ziggurat
03:01 Halls of the Dead
03:37 Ziggurat
05:15 Necropolis
06:44 Nerubian Tower
07:15 Ziggurat
07:16 Ziggurat
07:36 Slaughterhouse
08:05 Black Citadel
08:22 Nerubian Tower
08:28 Spirit Tower
09:07 Sacrificial Pit
10:34 Boneyard
11:19 Boneyard
12:33 Ziggurat
12:49 Temple of the Damned
20:16 Temple of the Damned
24:01 Spirit Tower
33:24 Necropolis
39:02 Tomb of Relics
39:04 Ziggurat
39:21 Ziggurat
40:52 Tomb of Relics
41:38 Beastiary
» items
| Rod of Necromancy | 5 | |
| Scroll of Town Portal | 5 | |
| Potion of Lesser Invulnerability | 1 | |
| Orb of Corruption | 2 | |
| Potion of Mana | 2 | |
| Potion of Healing | 2 | |
| Dust of Appearance | 1 | |
18 total
Chat log
(00:24 / Allies) mr.goodmanners: dang my sound is messed up
(00:28 / Allies) 333: ctrl s?
(00:29 / Allies) mr.goodmanners: i can hear mum but no game
(00:39 / Allies) 333: right control if you use invkeys
(00:42 / Allies) mr.goodmanners: i was fucking around with it
(00:57 / Allies) mr.goodmanners: fo sure
(06:21 / Allies) mr.goodmanners: need salvos
(08:25 / Allies) mr.goodmanners: we can get healer and 6
(08:29 / Allies) mr.goodmanners: repl there
(09:56 / Allies) mr.goodmanners: they got big nukes
(11:36 / Allies) mr.goodmanners: thx
(11:50 / Allies) mr.goodmanners: prob 12?
(11:59 / Allies) mr.goodmanners: only the ne tho
(14:10 / Allies) mr.goodmanners: lum?
(14:33 / Allies) mr.goodmanners: ty
(15:15 / Allies) mr.goodmanners: yaeh
(16:42 / Allies) mr.goodmanners: dang
(17:05 / Allies) mr.goodmanners: im teching it now
(17:07 / Allies) mr.goodmanners: do we have hawks?
(17:33 / All) iggy_the_fisk: waste of time noob
(18:44 / Allies) mr.goodmanners: red still has huntz @_@
(21:13 / Allies) mr.goodmanners: that howl
(21:16 / Allies) mr.goodmanners: gg howl
(21:31 / Allies) mr.goodmanners: ty
(22:30 / All) iggy_the_fisk: your hero died
(22:31 / All) iggy_the_fisk: why?
(24:11 / Allies) mr.goodmanners: i know right
(24:35 / Allies) mr.goodmanners: idk
(24:51 / All) iggy_the_fisk: rachel
(24:55 / All) iggy_the_fisk: watch your glaive
(25:00 / Allies) mr.goodmanners: ah he has wards
(25:34 / All) iggy_the_fisk: waste of time UD noob
(26:24 / Allies) mr.goodmanners: i got an open goal down south
(26:33 / Allies) mr.goodmanners: they dont care
(26:47 / Allies) mr.goodmanners: got a light?
(26:48 / All) iggy_the_fisk: good use of tp
(26:55 / All) iggy_the_fisk: undead noob
(27:03 / All) 333: where you guys from?
(27:14 / All) 333: you seem to be new around here 8)
(28:09 / Allies) mr.goodmanners: got lust for you
(28:44 / All) iggy_the_fisk: rachel
(28:48 / All) iggy_the_fisk: your birds
(28:49 / All) iggy_the_fisk: they die
(29:11 / All) iggy_the_fisk: orc
(29:13 / All) iggy_the_fisk: Noob?
(29:15 / All) iggy_the_fisk: your raiders die
(30:20 / Allies) mr.goodmanners: nah thats all of them
(30:35 / Allies) mr.goodmanners: necro boss
(31:09 / Allies) mr.goodmanners: they divin
(33:01 / Allies) mr.goodmanners: noo
(33:03 / Allies) mr.goodmanners: didnt wanna tp for some reason
(34:59 / Allies) mr.goodmanners: ya i saw it
(35:38 / Allies) mr.goodmanners: zomg
(35:41 / Allies) mr.goodmanners: me noob without sound
(36:23 / Allies) mr.goodmanners: crowned dk :(
(39:24 / All) 333: how is this going for you guys?
(39:39 / Allies) mr.goodmanners: i thought a heal :(
(40:15 / Allies) mr.goodmanners: yum
(40:27 / Allies) mr.goodmanners: got a hu scroll?
(40:46 / Allies) mr.goodmanners: for my workers. but w/e
(40:55 / Allies) mr.goodmanners: rip
(40:55 / All) 333: cta
(41:02 / All) 333: https://highper.ch/
(41:07 / All) 333: https://arranged.team/
(42:36 / All) iggy_the_fisk: ELF SO NOOB LOL
(42:37 / Allies) mr.goodmanners: ayum yum yum
(43:39 / All) iggy_the_fisk: LOL noob elf went to entangle
(44:04 / Allies) mr.goodmanners: haha
(44:08 / All) iggy_the_fisk: no escape noob
(44:54 / Allies) mr.goodmanners: map is rapidly turning barren
(45:00 / Allies) mr.goodmanners: have strategic resource reserve
(45:20 / Allies) mr.goodmanners: marked nat. park
(45:51 / Allies) mr.goodmanners: wana blizz
(45:53 / All) iggy_the_fisk: ^why did you make 2 shops at top expo noob
(45:57 / All) iggy_the_fisk: seems like a waste of precious gold
(45:59 / All) iggy_the_fisk: do you have too much gold?
(46:53 / Allies) mr.goodmanners: how much gold?
(47:00 / Allies) mr.goodmanners: im writing that off
(48:03 / Allies) mr.goodmanners: these 2x2 tower formations are strong vs tracked armor, tanks, mountain giants
(48:13 / Allies) mr.goodmanners: weak vs ice dragons
(48:53 / All) 333: why make units w/ green? if you're going to lose them. lol
(49:07 / All) 333: lol
(50:02 / Allies) mr.goodmanners: yellow NOOB?
(50:03 / Allies) mr.goodmanners: didnt see
(50:24 / Allies) mr.goodmanners: insurance is gonna find out exactly what happened
(51:21 / Allies) mr.goodmanners: yea he's the one mining
(51:46 / Allies) mr.goodmanners: he turned around
(53:34 / Allies) mr.goodmanners: at 7 get ulti and i'll pay for 3 priest 3 sorc
(53:59 / Allies) mr.goodmanners: or i guess you can afford it
(54:04 / Allies) mr.goodmanners: we can get whatever upk we want at this point
(54:26 / Allies) mr.goodmanners: whats a cool unit to build
(54:34 / Allies) mr.goodmanners: do you think we can win this with mass upgraded riflemen
(54:51 / Allies) mr.goodmanners: riflemen + inner fire?
(55:07 / Allies) mr.goodmanners: gonna start upgrading atleast
(57:37 / All) RACHELROXXXX: have all night if you want to win come
(57:43 / All) iggy_the_fisk: we have already won noob
(58:59 / Allies) mr.goodmanners: ty
(59:04 / Allies) mr.goodmanners: needed 6 for new my army
(59:17 / All) 333: as a professional player i once knew would say. "yum"
(60:33 / Allies) mr.goodmanners: do you think those chims
(60:34 / Allies) mr.goodmanners: beat this
(60:50 / Allies) mr.goodmanners: how many is it
(62:12 / Allies) mr.goodmanners: damnnn
(62:17 / Allies) mr.goodmanners: forgot mass tele unit limit
(63:10 / Allies) mr.goodmanners: damn
(63:53 / Allies) mr.goodmanners: he finally got to use his ulti
(63:55 / Allies) mr.goodmanners: the dk also
(64:34 / Allies) mr.goodmanners: sry
(65:11 / Allies) mr.goodmanners: hmm what else
(65:14 / Allies) mr.goodmanners: gyros seems risky
(65:26 / Allies) mr.goodmanners: gnoll brutes?
(65:34 / Allies) mr.goodmanners: i mean, no
(65:40 / Allies) mr.goodmanners: yeah they swing chain
(65:51 / Allies) mr.goodmanners: muddys got like 40hp
(67:15 / Allies) mr.goodmanners: yeah the priests are like weird caster towers
(67:18 / Allies) mr.goodmanners: that also ambulate
(69:07 / All) iggy_the_fisk: noobs
(69:13 / All) 333: youtube.com/highperch